| TOP OF THE 1ST |
|
Chicago (NYP) White Sox batting - Pitching for Aberdeen Ironbirds : RHP Steve Webb
|
|
Pitching: RHP Steve Webb
|
|
|
Batting: SHB Tomas Caldera
|
0-0: Ball 1-0: Swinging Strike 1-1: Ball 2-1: Ball 3-1: Base on Balls
|
|
Batting: RHB Ethan McCullough
|
0-0: Ball 1-0: Swinging Strike 1-1: Ball 2-1: Swinging Strike 2-2: Ball 3-2: Strikes out swinging Tomas Caldera steals 2nd base Batter strikes out.
|
|
Batting: LHB Adam Tarbutton
|
0-0: SINGLE (Groundball, 56D, EV 105.6 MPH) Tomas Caldera to third Runner from 3rd tries for Home, SAFE, throw by LF to home
|
|
Batting: RHB Luwen Storm
|
0-0: Called Strike 0-1: Ball 1-1: Swinging Strike 1-2: Strikes out looking
|
|
Batting: RHB Sean Peake
|
0-0: Called Strike 0-1: Hit by Pitch Adam Tarbutton to second
|
|
Batting: RHB Armando Vazquez
|
0-0: Called Strike 0-1: Foul Ball, location: 2F 0-2: Ball 1-2: Fielders Choice at 2nd, 6-4 (Groundball, 6, EV 81.2 MPH)
|
| Top of the 1st over - 1 run, 1 hit, 0 errors, 2 left on base; Chicago (NYP) 1 - Aberdeen 0 |
| BOTTOM OF THE 1ST |
|
Aberdeen Ironbirds batting - Pitching for Chicago (NYP) White Sox : RHP Ari Kuusinen
|
|
Pitching: RHP Ari Kuusinen
|
|
|
Batting: RHB Tony Godley
|
0-0: SINGLE (Groundball, 5S, EV 66.9 MPH) (infield hit)
|
|
Batting: RHB Mike Pitts
|
0-0: Grounds out, U3 (Groundball, 3L, EV 103.1 MPH)
|
|
Batting: RHB Matt O'Dea
|
0-0: Ball 1-0: Foul Ball, location: 2F 1-1: Ball Tony Godley is caught stealing 3rd base 2-5 2-1: Foul Ball, location: 2F 2-2: Foul Ball, location: 2F 2-2: Ground out 3-1 (Groundball, 34, EV 86.2 MPH)
|
| Bottom of the 1st over - 0 runs, 1 hit, 0 errors, 0 left on base; Chicago (NYP) 1 - Aberdeen 0 |
| TOP OF THE 2ND |
|
Chicago (NYP) White Sox batting - Pitching for Aberdeen Ironbirds : RHP Steve Webb
|
|
Batting: SHB Olaf Zoeteman
|
0-0: Swinging Strike 0-1: Ball 1-1: Foul Ball, location: 2F 1-2: Ball 2-2: Strikes out looking
|
|
Batting: RHB Kunimatsu Oya
|
0-0: Ground out 3-1 (Groundball, 34, EV 86.9 MPH)
|
|
Batting: RHB Eduardo Calderon
|
0-0: Called Strike 0-1: Ground out 5-3 (Groundball, 56, EV 80.0 MPH)
|
| Top of the 2nd over - 0 runs, 0 hits, 0 errors, 0 left on base; Chicago (NYP) 1 - Aberdeen 0 |
| BOTTOM OF THE 2ND |
|
Aberdeen Ironbirds batting - Pitching for Chicago (NYP) White Sox : RHP Ari Kuusinen
|
|
Batting: RHB Josh Hopp
|
0-0: Called Strike 0-1: Ball 1-1: Ball 2-1: Foul Ball, location: 2F 2-2: Strikes out swinging
|
|
Batting: LHB Keith Long
|
0-0: Called Strike 0-1: Foul Ball, location: 2F 0-2: Ground out 6-3 (Groundball, 6D, EV 85.6 MPH)
|
|
Batting: RHB Ethan Finke
|
0-0: Ball 1-0: Ball 2-0: Swinging Strike 2-1: Swinging Strike 2-2: Foul Ball, location: 2F 2-2: Ball 3-2: Ground out 6-3 (Groundball, 6, EV 97.5 MPH)
|
| Bottom of the 2nd over - 0 runs, 0 hits, 0 errors, 0 left on base; Chicago (NYP) 1 - Aberdeen 0 |
| TOP OF THE 3RD |
|
Chicago (NYP) White Sox batting - Pitching for Aberdeen Ironbirds : RHP Steve Webb
|
|
Batting: SHB Tomas Caldera
|
0-0: Called Strike 0-1: Ground out U3 (Groundball, 3S, EV 86.2 MPH)
|
|
Batting: RHB Ethan McCullough
|
0-0: Called Strike 0-1: Ball 1-1: Foul Ball, location: 2F 1-2: Foul Ball, location: 2F 1-2: Strikes out swinging
|
|
Batting: LHB Adam Tarbutton
|
0-0: Called Strike 0-1: Foul Ball, location: 2F 0-2: Foul Ball, location: 2F 0-2: Ball 1-2: Ball 2-2: Ground out 6-3 (Groundball, 6, EV 82.5 MPH)
|
| Top of the 3rd over - 0 runs, 0 hits, 0 errors, 0 left on base; Chicago (NYP) 1 - Aberdeen 0 |
| BOTTOM OF THE 3RD |
|
Aberdeen Ironbirds batting - Pitching for Chicago (NYP) White Sox : RHP Ari Kuusinen
|
|
Batting: RHB Daniel Jackson
|
0-0: Fly out, F8 (Flyball, 8RD, EV 95.0 MPH)
|
|
Batting: RHB Luke Vaccarino
|
0-0: Ball 1-0: Ground out 5-3 (Groundball, 25, EV 83.1 MPH)
|
|
Batting: RHB Ismael Macedo
|
0-0: Ball 1-0: Called Strike 1-1: Swinging Strike 1-2: Foul Ball, location: 2F 1-2: Foul Ball, location: 2F 1-2: Foul Ball, location: 2F 1-2: Strikes out swinging
|
| Bottom of the 3rd over - 0 runs, 0 hits, 0 errors, 0 left on base; Chicago (NYP) 1 - Aberdeen 0 |
| TOP OF THE 4TH |
|
Chicago (NYP) White Sox batting - Pitching for Aberdeen Ironbirds : RHP Steve Webb
|
|
Batting: RHB Luwen Storm
|
0-0: Called Strike 0-1: Foul Ball, location: 2F 0-2: Strikes out swinging
|
|
Batting: RHB Sean Peake
|
0-0: Ball 1-0: Ball 2-0: Ball 3-0: Called Strike 3-1: Foul Ball, location: 2F 3-2: Foul Ball, location: 2F 3-2: Ground out 5-3 (Groundball, 56S, EV 87.5 MPH)
|
|
Batting: RHB Armando Vazquez
|
0-0: SINGLE (Groundball, 56D, EV 101.9 MPH)
|
|
Batting: SHB Olaf Zoeteman
|
0-0: Called Strike 0-1: Called Strike 0-2: Strikes out swinging
|
| Top of the 4th over - 0 runs, 1 hit, 0 errors, 1 left on base; Chicago (NYP) 1 - Aberdeen 0 |
| BOTTOM OF THE 4TH |
|
Aberdeen Ironbirds batting - Pitching for Chicago (NYP) White Sox : RHP Ari Kuusinen
|
|
Batting: RHB Tony Godley
|
0-0: Foul Ball, location: 2F 0-1: Foul Ball, location: 2F 0-2: Strikes out swinging
|
|
Batting: RHB Mike Pitts
|
0-0: Ball 1-0: Swinging Strike 1-1: DOUBLE (Line Drive, 9LM, EV 93.1 MPH)
|
|
Batting: RHB Matt O'Dea
|
0-0: Called Strike 0-1: Ball 1-1: Called Strike 1-2: Ball 2-2: Foul Ball, location: 2F 2-2: Ball 3-2: Foul Ball, location: 2F 3-2: Foul Ball, location: 2F 3-2: Reached on error, E6 (Groundball, 6, EV 88.8 MPH) Mike Pitts scores
|
|
Batting: RHB Josh Hopp
|
0-0: Called Strike 0-1: Ground out 4-3 (Groundball, 4, EV 90.0 MPH) Matt O'Dea to third
|
|
Batting: LHB Keith Long
|
0-0: Ball 1-0: Hit by Pitch
|
|
Batting: RHB Ethan Finke
|
0-0: Ball 1-0: Called Strike 1-1: Called Strike 1-2: Ball 2-2: Foul Ball, location: 2F 2-2: Ball 3-2: Foul Ball, location: 2F 3-2: Foul Ball, location: 2F 3-2: Foul Ball, location: 2F 3-2: Fly out, F9 (Line Drive, 9S, EV 91.9 MPH)
|
| Bottom of the 4th over - 1 run, 1 hit, 1 error, 2 left on base; Chicago (NYP) 1 - Aberdeen 1 |
| TOP OF THE 5TH |
|
Chicago (NYP) White Sox batting - Pitching for Aberdeen Ironbirds : RHP Steve Webb
|
|
Batting: RHB Kunimatsu Oya
|
0-0: DOUBLE (Groundball, 5L, EV 98.8 MPH)
|
|
Batting: RHB Eduardo Calderon
|
0-0: Ball 1-0: Ball 2-0: Ball 3-0: Base on Balls
|
|
Batting: SHB Tomas Caldera
|
0-0: Ball Passed Ball! Kunimatsu Oya to third Eduardo Calderon to second 1-0: Fly out, F7 (Flyball, 78M, EV 85.6 MPH)
|
|
Batting: RHB Ethan McCullough
|
0-0: Ball 1-0: Called Strike 1-1: Fly out, F9 (Flyball, 89M, EV 87.5 MPH) Runner from 3rd tags up, SCORES, throw by RF Eduardo Calderon to third
|
|
Batting: LHB Adam Tarbutton
|
0-0: Intentional Walk
|
|
Batting: RHB Luwen Storm
|
0-0: Foul Ball, location: 2F 0-1: Foul Ball, location: 2F 0-2: Ball 1-2: Ball 2-2: Foul Ball, location: 2F 2-2: Ball 3-2: Foul Ball, location: 2F 3-2: Strikes out swinging
|
| Top of the 5th over - 1 run, 1 hit, 0 errors, 2 left on base; Chicago (NYP) 2 - Aberdeen 1 |
| BOTTOM OF THE 5TH |
|
Aberdeen Ironbirds batting - Pitching for Chicago (NYP) White Sox : RHP Ari Kuusinen
|
|
Batting: RHB Daniel Jackson
|
0-0: Swinging Strike 0-1: Ball 1-1: Ball 2-1: Foul Ball, location: 2F 2-2: Strikes out looking
|
|
Batting: RHB Luke Vaccarino
|
0-0: Called Strike 0-1: Ball 1-1: Ball 2-1: Called Strike 2-2: Ground out 6-3 (Groundball, 6, EV 87.5 MPH)
|
|
Batting: RHB Ismael Macedo
|
0-0: Ball 1-0: Ground out 4-3 (Groundball, 34, EV 101.2 MPH)
|
| Bottom of the 5th over - 0 runs, 0 hits, 0 errors, 0 left on base; Chicago (NYP) 2 - Aberdeen 1 |
| TOP OF THE 6TH |
|
Chicago (NYP) White Sox batting - Pitching for Aberdeen Ironbirds : RHP Steve Webb
|
|
Batting: RHB Sean Peake
|
0-0: Ball 1-0: Ball 2-0: Foul Ball, location: 2F 2-1: Called Strike 2-2: Ground out U3 (Groundball, 3S, EV 87.5 MPH)
|
|
Batting: RHB Armando Vazquez
|
0-0: Called Strike 0-1: Ground out 6-3 (Groundball, 6, EV 84.4 MPH)
|
|
Batting: SHB Olaf Zoeteman
|
0-0: Foul Ball, location: 2F 0-1: Ball 1-1: Called Strike 1-2: Ball 2-2: Ground out 6-3 (Groundball, 6, EV 100.0 MPH)
|
| Top of the 6th over - 0 runs, 0 hits, 0 errors, 0 left on base; Chicago (NYP) 2 - Aberdeen 1 |
| BOTTOM OF THE 6TH |
|
Aberdeen Ironbirds batting - Pitching for Chicago (NYP) White Sox : RHP Ari Kuusinen
|
|
Batting: RHB Tony Godley
|
0-0: DOUBLE (Line Drive, 7LS, EV 100.0 MPH)
|
|
Batting: RHB Mike Pitts
|
0-0: SINGLE (Flyball, 8RS, EV 93.8 MPH) Tony Godley to third
|
|
Batting: RHB Matt O'Dea
|
0-0: Ball 1-0: Called Strike 1-1: Foul Ball, location: 2F 1-2: Ball 2-2: Ball 3-2: Fielders Choice at 2nd, 4-6 (Groundball, 4, EV 98.1 MPH) Tony Godley scores
|
|
Batting: RHB Josh Hopp
|
0-0: Called Strike 0-1: Ball 1-1: Grounds into double play, 4-6-3 (Groundball, 4, EV 76.9 MPH)
|
| Bottom of the 6th over - 1 run, 2 hits, 0 errors, 0 left on base; Chicago (NYP) 2 - Aberdeen 2 |
| TOP OF THE 7TH |
|
Chicago (NYP) White Sox batting - Pitching for Aberdeen Ironbirds : RHP Steve Webb
|
|
Batting: RHB Kunimatsu Oya
|
0-0: Called Strike 0-1: Foul Ball, location: 2F 0-2: Ball 1-2: Foul Ball, location: 2F 1-2: Ball 2-2: Strikes out looking
|
|
Pitching: RHP Nick Hodge
|
|
|
Batting: RHB Eduardo Calderon
|
0-0: Called Strike 0-1: Swinging Strike 0-2: Ball 1-2: Strikes out swinging
|
|
Batting: SHB Tomas Caldera
|
0-0: Swinging Strike 0-1: Ball 1-1: Ball 2-1: Foul Ball, location: 2F 2-2: Strikes out swinging
|
| Top of the 7th over - 0 runs, 0 hits, 0 errors, 0 left on base; Chicago (NYP) 2 - Aberdeen 2 |
| BOTTOM OF THE 7TH |
|
Aberdeen Ironbirds batting - Pitching for Chicago (NYP) White Sox : RHP Ari Kuusinen
|
|
Batting: LHB Keith Long
|
0-0: Ground out 2-3 (Groundball, 15S, EV 68.1 MPH)
|
|
Batting: RHB Ethan Finke
|
0-0: Called Strike 0-1: Ball 1-1: Ball 2-1: SINGLE (Groundball, 25, EV 68.1 MPH) (infield hit)
|
|
Batting: RHB Daniel Jackson
|
0-0: Ball Ethan Finke is caught stealing 2nd base 2-4 1-0: Called Strike 1-1: Ground out 6-3 (Groundball, 6, EV 84.4 MPH)
|
| Bottom of the 7th over - 0 runs, 1 hit, 0 errors, 0 left on base; Chicago (NYP) 2 - Aberdeen 2 |
| TOP OF THE 8TH |
|
Chicago (NYP) White Sox batting - Pitching for Aberdeen Ironbirds : RHP Nick Hodge
|
|
Batting: RHB Ethan McCullough
|
0-0: Ball 1-0: Foul Ball, location: 2F 1-1: SINGLE (Groundball, 34D, EV 101.2 MPH)
|
|
Batting: LHB Adam Tarbutton
|
0-0: Ball 1-0: 2-RUN HOME RUN (Line Drive, 7D, EV 107.5 MPH), Distance : 416 ft
|
|
Batting: RHB Luwen Storm
|
0-0: Called Strike 0-1: Fly out, F8 (Flyball, 8LD, EV 97.5 MPH)
|
|
Batting: RHB Sean Peake
|
0-0: Ball 1-0: Called Strike 1-1: Swinging Strike 1-2: Foul Ball, location: 2F 1-2: Ball 2-2: Ball 3-2: Strikes out looking
|
|
Batting: RHB Armando Vazquez
|
0-0: Ground out 6-3 (Groundball, 6, EV 89.4 MPH)
|
| Top of the 8th over - 2 runs, 2 hits, 0 errors, 0 left on base; Chicago (NYP) 4 - Aberdeen 2 |
| BOTTOM OF THE 8TH |
|
Aberdeen Ironbirds batting - Pitching for Chicago (NYP) White Sox : RHP Ari Kuusinen
|
|
Batting: RHB Luke Vaccarino
|
0-0: Called Strike 0-1: Ball 1-1: SINGLE (Flyball, 8LS, EV 88.1 MPH)
|
|
Batting: RHB Ismael Macedo
|
0-0: SINGLE (Groundball, 34, EV 96.9 MPH) Luke Vaccarino to second Runner from 2nd tries for 3rd, SAFE, throw by RF made to third
|
|
Batting: RHB Tony Godley
|
0-0: Grounds into double play, 6-4-3 (Groundball, 6, EV 106.9 MPH) Luke Vaccarino scores
|
|
Batting: RHB Mike Pitts
|
0-0: Ball 1-0: Foul Ball, location: 2F 1-1: Ball 2-1: Ball 3-1: Base on Balls
|
|
Batting: RHB Matt O'Dea
|
0-0: Called Strike 0-1: Fly out, F7 (Flyball, 78S, EV 88.1 MPH)
|
| Bottom of the 8th over - 1 run, 2 hits, 0 errors, 1 left on base; Chicago (NYP) 4 - Aberdeen 3 |
| TOP OF THE 9TH |
|
Chicago (NYP) White Sox batting - Pitching for Aberdeen Ironbirds : RHP Nick Hodge
|
|
Batting: SHB Olaf Zoeteman
|
0-0: Ball 1-0: SINGLE (Groundball, 4S, EV 97.5 MPH)
|
|
Batting: RHB Kunimatsu Oya
|
0-0: Ball 1-0: Ball 2-0: Called Strike 2-1: Sac Bunt to 15S - play at first, batter OUT! 1-3 Olaf Zoeteman to second
|
|
Pitching: RHP Art Boulter
|
|
|
Batting: RHB Eduardo Calderon
|
0-0: Ball 1-0: Fly out, F6 (Popup, P, EV 80.0 MPH)
|
|
Batting: SHB Tomas Caldera
|
0-0: Ball 1-0: Called Strike 1-1: Ball 2-1: Swinging Strike 2-2: Strikes out looking
|
| Top of the 9th over - 0 runs, 1 hit, 0 errors, 1 left on base; Chicago (NYP) 4 - Aberdeen 3 |
| BOTTOM OF THE 9TH |
|
Aberdeen Ironbirds batting - Pitching for Chicago (NYP) White Sox : RHP Ari Kuusinen
|
|
Pitching: LHP Jonas Jennings
|
|
|
Now in RF: Bastiaan Leenders
|
|
|
Batting: RHB Josh Hopp
|
0-0: Swinging Strike 0-1: Ground out 6-3 (Groundball, 56, EV 98.8 MPH)
|
|
Batting: RHB Wes Reynolds
|
0-0: Called Strike 0-1: Ball 1-1: Ball 2-1: Foul Ball, location: 2F 2-2: DOUBLE (Popup, 34D, EV 56.2 MPH)
|
|
Batting: RHB Ethan Finke
|
0-0: Ball 1-0: SINGLE (Line Drive, 78S, EV 97.5 MPH) Wes Reynolds to third Runner from 3rd tries for Home, SAFE, throw by LF to home
|
|
Batting: RHB Daniel Jackson
|
0-0: Ball 1-0: Grounds into double play, 5-4-3 (Groundball, 56S, EV 92.5 MPH)
|
| Bottom of the 9th over - 1 run, 2 hits, 0 errors, 0 left on base; Chicago (NYP) 4 - Aberdeen 4 |
| TOP OF THE 10TH |
|
Chicago (NYP) White Sox batting - Pitching for Aberdeen Ironbirds : RHP Art Boulter
|
|
Pitching: RHP Harley Hyde
|
|
|
Pinch Hitting: LHB Justin Stickney
|
0-0: Called Strike 0-1: Swinging Strike 0-2: DOUBLE (Line Drive, 78D, EV 111.2 MPH)
|
|
Batting: LHB Adam Tarbutton
|
0-0: Intentional Walk
|
|
Pinch Runner at 2nd Yi-lin Niu:
|
|
|
Batting: RHB Luwen Storm
|
0-0: Called Strike 0-1: Foul Ball, location: 2F 0-2: Ball 1-2: Ball Wild Pitch! Yi-lin Niu to third Adam Tarbutton to second 2-2: SINGLE (Groundball, 6M, EV 100.6 MPH) Yi-lin Niu scores Adam Tarbutton to third Runner from 3rd tries for Home, SAFE, throw by CF to home
|
|
Batting: RHB Sean Peake
|
0-0: Called Strike 0-1: Swinging Strike 0-2: Strikes out swinging
|
|
Batting: RHB Bastiaan Leenders
|
0-0: Ball Luwen Storm steals 2nd, throwing error, E2 Luwen Storm to third 1-0: Ground out 5-3 (Groundball, 5, EV 83.8 MPH)
|
|
Batting: SHB Olaf Zoeteman
|
0-0: Intentional Walk
|
|
Batting: RHB Kunimatsu Oya
|
0-0: Called Strike 0-1: Fly out, F7 (Line Drive, 78M, EV 88.1 MPH)
|
| Top of the 10th over - 2 runs, 2 hits, 1 error, 2 left on base; Chicago (NYP) 6 - Aberdeen 4 |
| BOTTOM OF THE 10TH |
|
Aberdeen Ironbirds batting - Pitching for Chicago (NYP) White Sox : LHP Jonas Jennings
|
|
Now at 2B: Tony Garcia
|
|
|
Batting: RHB Luke Vaccarino
|
0-0: Ball 1-0: Fly out, F8 (Flyball, 89D, EV 104.4 MPH)
|
|
Batting: RHB Ismael Macedo
|
0-0: Hit by Pitch
|
|
Batting: RHB Tony Godley
|
0-0: Ball 1-0: Called Strike 1-1: Foul Ball, location: 2F 1-2: Foul Ball, location: 2F 1-2: Hit by Pitch Ismael Macedo to second
|
|
Batting: RHB Mike Pitts
|
0-0: Called Strike 0-1: Ball 1-1: Foul Ball, location: 2F 1-2: Foul Ball, location: 2F 1-2: Foul Ball, location: 2F 1-2: Fly out, F8 (Flyball, 8LXD, EV 91.9 MPH) Runner from 2nd tags up, SAFE at 3rd, no throw by CF
|
|
Batting: RHB Matt O'Dea
|
0-0: Foul Ball, location: 2F 0-1: Foul Ball, location: 2F 0-2: Ball 1-2: Ball 2-2: Strikes out swinging
|
| Bottom of the 10th over - 0 runs, 0 hits, 0 errors, 2 left on base; Chicago (NYP) 6 - Aberdeen 4 |
|